 Dungeon Crawl Stone Soup version 0.27-a0-291-gd9602db6ee (webtiles) character file.

Game seed: 16563378131982499233

237 puppykicker the Ruffian (level 6, -8/62 HPs)
             Began as an Ogre Transmuter on Feb 10, 2021.
             Was an Initiate of Cheibriados.
             Mangled by an ogre
             ... wielding a +0 giant club
              (24 damage)
             ... on level 4 of the Dungeon.
             The game lasted 00:14:19 (4109 turns).

puppykicker the Ruffian (Ogre Transmuter)           Turns: 4109, Time: 00:14:19

Health: -8/62      AC:  3    Str: 18    XL:     6   Next: 6%
Magic:  9/19       EV: 10    Int: 15    God:    Cheibriados [......]
Gold:   198        SH:  0    Dex: 10    Spells: 1/11 levels left

rFire    . . .     SeeInvis .   a - +1 whip (distort) {!w}
rCold    . . .     Faith    .   (no shield)
rNeg     . . .     Spirit   .   c - +0 robe
rPois    .         Reflect  .   (helmet restricted)
rElec    .         Harm     .   (no cloak)
rCorr    .         Rampage  .   (gloves unavailable)
Will     .....                  (boots unavailable)
Stlth    +.........             (no amulet)
HPRegen  0.20/turn              k - ring of magical power {MP+9}
MPRegen  0.16/turn              (no ring)

@: very slightly contaminated, very slow
A: large, unfitting armour, tough skin 1
a: Renounce Religion, Bend Time


You were on level 4 of the Dungeon.
You worshipped Cheibriados.
Cheibriados was noncommittal.
You visited 2 branches of the dungeon, and saw 5 of its levels.

You collected 198 gold pieces.

Inventory:

Hand Weapons
 a - a +1 whip of distortion (weapon) {!w}
Missiles
 g - 2 javelins (quivered)
 j - 8 boomerangs
Armour
 c - a +0 robe (worn)
Jewellery
 k - a ring of magical power (left hand) {MP+9}
Scrolls
 b - 2 scrolls of enchant weapon
 d - a scroll of magic mapping {!r}
 e - a scroll of fear
 f - a scroll of remove curse
 l - a scroll of immolation {!r}
 m - a scroll of amnesia
 t - a scroll of teleportation
Potions
 h - a potion of haste


   Skills:
 + Level 3.7 Fighting
 - Level 2.0 Dodging
 * Level 3.7 Unarmed Combat
 - Level 3.0 Spellcasting
 + Level 3.0 Transmutations
 + Level 0.5 Ice Magic
 + Level 1.8 Poison Magic


You had one spell level left.
You knew the following spells:

 Your Spells              Type           Power        Failure   Level
a - Beastly Appendage     Tmut           22%          6%          1
b - Ice Form              Ice/Tmut       7%           67%         4
c - Spider Form           Tmut/Pois      4%           22%         3
w - Wereblood             Tmut           11%          9%          2

Your spell library contained the following spells:

 Spells                   Type           Power        Failure   Level
 Blade Hands              Tmut           5%           85%         5


Dungeon Overview and Level Annotations

Branches:
Dungeon (4/15)             Temple (1/1) D:4

Altars:
Cheibriados
Dithmenos


Innate Abilities, Weirdness & Mutations

You are too large for most types of armour.
You have tough skin. (AC +1)


Message History

You barely miss the ogre. The ogre hits you with a +0 giant club!
You take 15 damage, and have 40/62 hp.
MASSIVE DAMAGE!!
Press: ? - help, v - describe, . - travel The floor, spattered with blood.
Unknown command.
Casting: Spider Form (dangerous; 22% risk of failure)
You miscast Spider Form.
Nothing appears to happen.
The ogre closely misses you.
You now have 11/19 mp.
Casting: Spider Form (dangerous; 22% risk of failure)
You miscast Spider Form.
Nothing appears to happen.
The ogre hits you with a +0 giant club!!
* * * LOW HITPOINT WARNING * * *
You take 25 damage, and have 15/62 hp.
MASSIVE DAMAGE!!
You now have 8/19 mp.
The ogre hits you with a +0 giant club!!
You die...

........#.#.#........#
....##....#..........#
....##....##.........#
....##.....#.........#
.....#.....#.........#
.....#.....'.........#
.....#.....#.....#...#
...[.#.....#.....#...#
...........#...#@#.#.#
####..P.P..#...#O#.#.#
....#..>..+###'#.#.###
......P.P....#.#.#.#
.............#.#.#.#
....##..########.#.#
....##..#..B...#.#.#
######..#....O...# .
######..+........# .


You could see an ogre.

Levels and vault maps discovered:
D:1:      matt_arrival_diagonals, layout_basic, minmay_crystal_room
D:2:      layout_loops_ring, serial_glass, glass_columns_b, glass_columns_b,
          minmay_quantized
D:3:      layout_basic, uniq_terence, uniq_robin
D:4:      layout_gridville, lemuel_doored_altar, minmay_temple_entry_trees,
          gammafunk_ghost_mausoleum, serial_co_window_serial,
          co_window_corner_a, co_window_corner_a, co_window_paths_b,
          co_window_corner_a, co_window_paths_a, co_window_cross_1,
          co_window_corner_a, co_window_paths_b, co_window_paths_a,
          co_window_paths_c, co_window_2corner
Temple:   compressed_dpeg_circular_temple

Notes
Turn   | Place    | Note
-------+----------+-------------------------------------------
     0 | D:1      | puppykicker the Ogre Transmuter began the quest for the
                  | Orb.
     0 | D:1      | Reached XP level 1. HP: 19/19 MP: 3/3
    65 | D:1      | Identified a +0 club
   219 | D:1      | Identified a +0 club
   220 | D:1      | Identified a +0 dagger
   223 | D:1      | Identified a +0 dagger
   233 | D:1      | Reached XP level 2. HP: 16/28 MP: 5/5
   413 | D:1      | Identified a +0 dagger
   420 | D:1      | Reached skill level 2 in Dodging
   420 | D:1      | Reached skill level 2 in Transmutations
   494 | D:1      | Identified a +0 whip
   550 | D:1      | Learned a level 2 spell: Wereblood
   836 | D:1      | Reached skill level 2 in Fighting
   854 | D:1      | Identified a +0 club
   883 | D:1      | Identified a +0 dagger
   889 | D:1      | Reached XP level 3. HP: 34/35 MP: 5/7
   893 | D:1      | Learned a level 3 spell: Spider Form
   924 | D:1      | Identified a +0 dagger
   957 | D:1      | Identified a +0 mace
   957 | D:1      | Identified a +0 robe
   969 | D:1      | Identified a +0 whip
  1096 | D:1      | Identified a +2 dagger of freezing (You found it on level 1
                  | of the Dungeon)
  1122 | D:1      | Identified a +0 club
  1127 | D:1      | Reached skill level 3 in Unarmed Combat
  1176 | D:2      | Identified a +0 club
  1205 | D:2      | Identified a +0 whip
  1530 | D:2      | Identified an uncursed ring of magical power
  1540 | D:2      | Reached skill level 3 in Spellcasting
  1543 | D:2      | Identified 2 scrolls of identify
  1543 | D:2      | Identified a potion of haste
  1544 | D:2      | Identified a scroll of random uselessness
  1593 | D:2      | Reached XP level 4. HP: 36/44 MP: 8/8
  1768 | D:2      | Identified a cursed -3 club
  1832 | D:2      | Identified a scroll of fear
  1872 | D:2      | Identified a +0 club
  1889 | D:2      | Identified a +0 short sword
  1889 | D:2      | Identified a +0 dagger
  2154 | D:2      | Identified a +0 club
  2275 | D:2      | Identified 2 scrolls of remove curse
  2291 | D:3      | Identified a +0 short sword
  2297 | D:3      | Identified a +0 club
  2307 | D:3      | Identified a scroll of teleportation
  2315 | D:3      | Reached skill level 1 in Poison Magic
  2331 | D:3      | Identified a scroll of enchant weapon
  2334 | D:3      | Identified a +0 dagger
  2347 | D:3      | Identified a scroll of magic mapping
  2402 | D:3      | Reached skill level 3 in Fighting
  2420 | D:3      | HP: 11/45 [poisoned by an adder]
  2428 | D:3      | HP: 10/45 [poisoned by an adder]
  2800 | D:3      | Identified a +0 flail
  2800 | D:3      | Identified a +0 chain mail
  2800 | D:3      | Noticed Terence
  2812 | D:3      | Killed Terence
  2813 | D:3      | Reached XP level 5. HP: 40/53 MP: 9/9
  3026 | D:3      | Identified a +0 dagger
  3026 | D:3      | Identified a +0 chain mail
  3027 | D:3      | Identified a +0 dagger
  3027 | D:3      | Identified a +0 club
  3027 | D:3      | Identified a +0 hunting sling
  3027 | D:3      | Identified a +0 dagger
  3027 | D:3      | Identified a +0 hunting sling
  3028 | D:3      | Identified a +0 dagger
  3028 | D:3      | Identified a +0 falchion
  3028 | D:3      | Identified a +0 animal skin
  3028 | D:3      | Identified a +0 helmet
  3028 | D:3      | Noticed Robin
  3028 | D:3      | Identified a +0 club
  3029 | D:3      | Identified a +0 club
  3029 | D:3      | Identified a +0 dagger
  3029 | D:3      | Identified a +0 hunting sling
  3029 | D:3      | Identified a +0 dagger
  3059 | D:3      | HP: 13/53 [goblin[Robin] (5)]
  3064 | D:3      | HP: 9/53 [Robin/+0 falchion (5)]
  3071 | D:3      | Killed Robin
  3078 | D:3      | HP: 8/53 [kobold (2)]
  3737 | D:4      | Identified a scroll of amnesia
  3745 | D:4      | Identified a +1 whip of distortion (You found it on level 4
                  | of the Dungeon)
  3752 | D:4      | Learned a level 4 spell: Ice Form
  3774 | D:4      | Found a staircase to the Ecumenical Temple.
  3790 | Temple   | Entered the Ecumenical Temple
  3795 | Temple   | Became a worshipper of Cheibriados the Contemplative
  3821 | D:4      | Identified a scroll of immolation
  3848 | D:4      | Identified a +0 flail
  3848 | D:4      | Identified a +0 scale mail
  3848 | D:4      | Identified a +0 hand axe
  3848 | D:4      | Identified a +0 dagger
  3848 | D:4      | Identified a +0 robe
  3848 | D:4      | Identified a +0 dagger
  3848 | D:4      | Identified a +0 robe
  3871 | D:4      | Reached skill level 3 in Transmutations
  3872 | D:4      | Reached XP level 6. HP: 27/62 MP: 10/10
  4095 | D:4      | Identified a +0 giant club
  4105 | D:4      | HP: 15/62 [ogre/+0 giant club (25)]
  4109 | D:4      | Mangled by an ogre

Table legend: (Time is in decaauts)
 A = Elapsed time spent in this place.
 B = Non-inter-level travel time spent in this place.
 C = Inter-level travel time spent in this place.
 D = Time resting spent in this place.
 E = Time spent auto-exploring this place.
 F = Levels seen in this place.
 G = Mean time per level.
                   A        B        C        D        E       F      G
               +--------+--------+--------+--------+--------+-----+--------+
         Total |   4132 |   4061 |     71 |   1918 |   1521 |   5 |  826.4 |
       Dungeon |   4120 |   4055 |     65 |   1918 |   1521 |   4 | 1030.0 |
        Temple |     11 |      5 |      6 |      0 |      0 |   1 |   11.0 |
               +--------+--------+--------+--------+--------+-----+--------+

Top non-repeatable levels by time:
     D:3: 1366 daAuts
     D:2: 1155 daAuts
     D:1: 1130 daAuts
     D:4: 468 daAuts
  Temple: 11 daAuts

Table legend:
 A = Kills in this place as a percentage of kills in entire the game.
 B = Kills by you in this place as a percentage of kills by you in the entire game.
 C = Kills by friends in this place as a percentage of kills by friends in the entire game.
 D = Other kills in this place as a percentage of other kills in the entire game.
 E = Experience gained in this place as a percentage of experience gained in the entire game.
 F = Experience gained in this place divided by the number of levels of this place that you have seen.
                   A       B       C       D       E      F
               +-------+-------+-------+-------+-------+----------------------
         Total | 100.0 | 100.0 |   N/A |   N/A | 100.0 |  67.8
       Dungeon | 100.0 | 100.0 |   N/A |   N/A | 100.0 |  84.8
               +-------+-------+-------+-------+-------+----------------------

Skill      XL: |  1  2  3  4  5 |
---------------+----------------+-----
Dodging        | 2 |  2.0
Transmutations | 2 3 |  3.0
Fighting       | 2 3 |  3.7
Unarmed Combat | 3 |  3.7
Spellcasting   | 3 |  3.0
Poison Magic   | 1 |  1.8
Ice Magic      | |  0.5

Action                   |  1- 3 |  4- 6 || total
-------------------------+-------+-------++-------
Melee: Unarmed           |    87 |    59 ||   146
       Kick              |    17 |     3 ||    20
       Headbutt          |     9 |     2 ||    11
       Dagger            |    44 |    62 ||   106
       Punch             |       |     1 ||     1
       Whip              |       |     3 ||     3
Throw: Boomerang         |     3 |     2 ||     5
       Javelin           |       |     2 ||     2
 Cast: Beastly Appendage |    25 |     8 ||    33
       Wereblood         |     3 |     2 ||     5
       Spider Form       |       |    10 ||    10
  Use: Scroll            |     3 |     7 ||    10
Armor: Robe              |    42 |    19 ||    61
       Skin              |       |    10 ||    10
Dodge: Dodged            |    80 |    82 ||   162

Vanquished Creatures
  Terence (D:3)
  2 orc wizards (D:4)
  Robin (D:3)
  4 adders
  An adder skeleton (D:4)
  2 dart slugs (D:2)
  5 leopard geckos
  6 orcs
  5 giant cockroaches
  20 goblins
  8 hobgoblins
  4 jackals (D:2)
  3 quokkas
  2 ball pythons (D:3)
  4 bats (D:1)
  7 frilled lizards
  13 kobolds
  5 rats
93 creatures vanquished.
